 Dungeon Crawl Stone Soup version 0.21.1 (webtiles) character file.

1115 rlgrobin the Skirmisher (level 8, 0/67 HPs)
             Began as a Demonspawn Monk on Feb 2, 2018.
             Was a Believer of Wu Jian.
             Slain by a slave (9 damage)
             ... led by Pikel
             ... on level 6 of the Dungeon.
             The game lasted 00:21:07 (5174 turns).

rlgrobin the Skirmisher (Demonspawn Monk)           Turns: 5174, Time: 00:21:08

Health: 0/67       AC:  0    Str: 14    XL:     8   Next: 12%
Magic:  8/8        EV: 17    Int: 16    God:    Wu Jian [**....]
Gold:   345        SH:  3    Dex: 16    Spells: 7/7 levels left

rFire    . . .     SeeInvis .     - Unarmed
rCold    + . .     Gourm    .   (no shield)
rNeg     + . .     Faith    .   t - -2 robe (curse)
rPois    .         Spirit   .   (helmet restricted)
rElec    .         Reflect  +   (no cloak)
rCorr    .         Harm     .   (no gloves)
MR       .....                  (no boots)
Stlth    +++.......             m - +3 amulet of reflection
HPRegen  0.21/turn              v - ring of positive energy
MPRegen  0.11/turn              i - +5 ring of intelligence

@: hasted, very quick
A: antennae 2, talons 1, cold resistance 1, powered by death 1, freezing cloud
immunity
a: Wall Jump, Renounce Religion


You were on level 6 of the Dungeon.
You worshipped Wu Jian.
Wu Jian was pleased with you.
You were not hungry.

You visited 2 branches of the dungeon, and saw 7 of its levels.

You collected 345 gold pieces.


Innate Abilities, Weirdness & Mutations

You have a pair of antennae on your head.
You have sharp toenails.
Your flesh is cold resistant. (rC+)
You regenerate a little health from kills.
You are immune to freezing clouds.


   Skills:
 + Level 7.4 Fighting
 + Level 6.7 Dodging
 + Level 5.7 Stealth
 + Level 6.6 Unarmed Combat


You had 7 spell levels left.
You didn't know any spells.

Inventory:

Armour
 a - a +0 robe
 e - a +0 pair of gloves
 h - a +0 pair of boots
 p - a +0 plate armour
 q - a +0 cloak
 t - a cursed -2 robe (worn)
Jewellery
 i - a +5 ring of intelligence (right hand)
 j - an uncursed amulet of regeneration
 l - a -3 ring of dexterity
 m - a +3 amulet of reflection (around neck)
 v - a ring of positive energy (left hand)
Scrolls
 c - 2 scrolls of blinking
 n - a scroll of teleportation {@r4}
Potions
 d - 2 potions of cancellation
 f - a potion of flight {unknown}
 o - a potion of haste {@q3}
 r - a potion of heal wounds {unknown}
 s - a potion of degeneration {unknown}
Books
 g - a book of Maledictions

   Spells                             Type                      Level
   a - Corona                         Hexes                        1
   b - Ensorcelled Hibernation        Hexes/Ice                    2
   c - Confuse                        Hexes                        3
   d - Tukima's Dance                 Hexes                        3
   e - Dazzling Spray                 Conjuration/Hexes            3
Comestibles
 b - 9 rations
 u - 3 chunks of flesh

Dungeon Overview and Level Annotations

Branches:
Dungeon (6/15)             Temple (1/1) D:4

Altars:
Ashenzari
Dithmenos
Elyvilon
Gozag
Kikubaaqudgha
Makhleb
Nemelex Xobeh
Okawaru
Ru
Sif Muna
Uskayaw
Vehumet
Wu Jian
Xom
Yredelemnul
Zin
The Shining One

Shops:
D:5 :

Annotations:
D:6 Pikel

... .. .. ▒▒▒ ▒.
▒▒▒▒▒▒.▒ ▒▒▒▒▒▒ ▒.
▒⌠_.'..▒ ▒.....
▒.▒▒⌠_.'..▒ ▒.....
.▒▒▒▒▒p.▒▒▒8▒▒.▒▒▒▒.....
.....'ppK.▒▒▒▒▒...'.....
▒p6.......▒▒▒▒.....
▒▒▒▒▒▒▒▒▒▒▒ ▒.....
▒..... ▒..... ▒▒▒▒.....
▒........ ▒........
▒........ ▒........


You could see Pikel and 4 slaves.


Message History

* * * don't die
* * * Pikel completely misses you!
You take 5 damage, and have 23/67 hp!
Okay, then!
You feel better! You block the slave's attack!
A slave opens the door!
The slave hits you! * * * don't die
* * * You regained 4 hp, and now have 27/67 hp!
You closely miss Pikel! Your kick misses Pikel! Your punch misses Pikel!
Pikel is moderately wounded!
You block Pikel's attack! The slave misses you!
Use which ability? (? or * to list)
There is nothing to wall jump against here!
Unknown command!
You barely miss Pikel! Your kick misses Pikel!
Pikel is moderately wounded!
Pikel hits you with a whip of freezing!!! * * * don't die
* * * Pikel freezes you! * * * don't die
* * * You take 11 damage, and have 16/67 hp!
You closely miss Pikel! You claw Pikel!
Pikel is heavily wounded!
The slave hits you!!! * * * don't die
* * * You take 7 damage, and have 9/67 hp!
You pulverise Pikel!
Pikel is heavily wounded!
The slave hits you!!! rip

Action                   |  1- 3 |  4- 6 |  7- 9 || total
-------------------------+-------+-------+-------++-------
Melee: Unarmed           |   116 |   182 |   229 ||   527
       Kick              |     3 |    40 |    61 ||   104
       Punch             |       |     7 |     4 ||    11
Invok: Lunge             |       |       |    13 ||    13
       Wall Jump         |       |       |    10 ||    10
       Whirlwind         |       |       |     5 ||     5
 Abil: Wall Jump         |       |       |     6 ||     6
  Use: Scroll            |     1 |     7 |     3 ||    11
       Potion            |     1 |     3 |     4 ||     8
 Stab: Sleeping          |     2 |    11 |     3 ||    16
       Distracted        |       |       |     2 ||     2
  Eat: Chunk             |     2 |     5 |     4 ||    11
       Ration            |       |       |     1 ||     1
Armor: Robe              |    16 |    12 |    13 ||    41
       Plate armour      |       |       |    11 ||    11
Dodge: Dodged            |    66 |   141 |   154 ||   361
Block: Other             |       |    16 |    30 ||    46

Vault maps used:
D:1:      roderic_octagonal_star, grunt_decor_fettered
D:2:      first_ration, serial_bayou_crossing
D:3:      marbit_many_paths, nicolae_dithmenos_shadow_blocks
D:4:      led_sif_book, minmay_temple_entry_statues
D:5:      old_standard_altar, serial_shops, shop, nicolae_tso_besieged_by_evil
D:6:      kennysheep_mini_moat, gammafunk_temple_overflow_wave,
          minmay_mini_ossuary, uniq_pikel
Temple:   compressed_dpeg_circular_temple

Notes
Turn   | Place    | Note
-------+----------+-------------------------------------------
     0 | D:1      | rlgrobin the Demonspawn Monk began the quest for the Orb.
     0 | D:1      | Reached XP level 1. HP: 18/18 MP: 1/1
   206 | D:1      | Reached skill level 2 in Stealth
   233 | D:1      | You feel monstrous as your demonic heritage exerts itself.
   233 | D:1      | Gained mutation: You have a pair of small antennae on your head. [demonic ancestry]
   233 | D:1      | Reached XP level 2. HP: 10/24 MP: 2/2
   793 | D:1      | Reached skill level 3 in Dodging
   860 | D:1      | Reached skill level 3 in Unarmed Combat
  1167 | D:1      | Gained mutation: You have sharp toenails. [demonic ancestry]
  1167 | D:1      | Reached XP level 3. HP: 19/29 MP: 3/3
  1554 | D:2      | Identified a potion of experience
  1554 | D:2      | Reached skill level 6 in Fighting
  1554 | D:2      | Reached skill level 5 in Dodging
  1554 | D:2      | Reached skill level 4 in Stealth
  1554 | D:2      | Reached skill level 5 in Unarmed Combat
  1554 | D:2      | Gained mutation: You have a pair of antennae on your head. [demonic ancestry]
  1554 | D:2      | Reached XP level 4. HP: 41/41 MP: 4/4
  1732 | D:2      | Reached skill level 6 in Dodging
  2075 | D:3      | Reached skill level 6 in Unarmed Combat
  2075 | D:3      | Gained mutation: You regenerate a little health from kills. [demonic ancestry]
  2075 | D:3      | Reached XP level 5. HP: 47/47 MP: 5/5
  2086 | D:3      | Found a shadowy altar of Dithmenos.
  2214 | D:3      | Found a shattered altar of Ashenzari.
  2680 | D:4      | Gained mutation: Your flesh is cold resistant. (rC+) [demonic ancestry]
  2680 | D:4      | Reached XP level 6. HP: 48/53 MP: 6/6
  2873 | D:4      | Found a deep blue altar of Sif Muna.
  2923 | D:4      | Reached skill level 5 in Stealth
  3162 | D:4      | Reached XP level 7. HP: 45/59 MP: 7/7
  3202 | D:4      | Found a staircase to the Ecumenical Temple.
  3243 | Temple   | Entered the Ecumenical Temple
  3361 | Temple   | Became a worshipper of the Wu Jian Council
  3361 | Temple   | Reached * piety under Wu Jian
  3361 | Temple   | Reached ** piety under Wu Jian
  3696 | D:5      | Entered Level 5 of the Dungeon
  3762 | D:5      | Found an ancient bone altar of Kikubaaqudgha.
  3779 | D:5      | Reached skill level 7 in Fighting
  4001 | D:5      | Found Oleigo's Book Boutique.
  4604 | D:5      | Found a glowing golden altar of the Shining One.
  4779 | D:6      | Gained mutation: You are immune to freezing clouds. [demonic ancestry]
  4779 | D:6      | Reached XP level 8. HP: 40/67 MP: 8/8
  4915 | D:6      | Found a burning altar of Makhleb.
  5147 | D:6      | Found a shimmering altar of Xom.
  5147 | D:6      | Found a shadowy altar of Dithmenos.
  5157 | D:6      | Noticed Pikel
  5174 | D:6      | Slain by a slave

Vanquished Creatures
  An ice beast (D:5)
  A sky beast (D:6)
  A phantom (D:4)
  2 crimson imps (D:5)
  A centaur zombie (D:5)
  4 orc priests (D:4)
  A gnoll shaman (D:5)
  3 hounds
  An iron imp (D:5)
  An iguana (D:6)
  4 orc wizards
  A worker ant (D:5)
  A hound skeleton (D:4)
  A worker ant zombie (D:6)
  5 gnolls (D:5)
  8 adders
  A shadow imp (D:6)
  2 oozes
  2 worms
  A dart slug (D:1)
  6 leopard geckos
  20 orcs
  6 giant cockroaches
  4 goblins
  6 hobgoblins
  4 kobolds
  5 quokkas
  A ball python (D:1)
  4 bats (D:1)
  3 frilled lizards
  2 goblin skeletons (D:5)
  2 goblin zombies (D:5)
  3 hobgoblin zombies (D:5)
  A kobold zombie (D:5)
  A leopard gecko skeleton (D:4)
  2 orc skeletons (D:5)
  2 orc zombies (D:5)
  A quokka skeleton (D:4)
  14 rats
129 creatures vanquished.
